 Dungeon Crawl Stone Soup version 0.31-a0-692-gf03d1854d5 (webtiles) character file.

Game seed: 15335357115051351108

1934 qw the Skirmisher (level 9, -7/55 HPs)
             Began as a Gargoyle Hunter on Sept 6, 2023.
             Was a Believer of Okawaru.
             Shot with a sling bullet by Joseph (13 damage)
             ... on level 7 of the Dungeon.
             The game lasted 00:02:22 (4968 turns).

qw the Skirmisher (Gargoyle Hunter)                 Turns: 4968, Time: 00:02:23

Health: -7/55      AC: 15    Str: 18    XL:     9   Next: 17%
Magic:  10/12      EV: 19    Int: 10    God:    Okawaru [**....]
Gold:   226        SH:  0    Dex: 17    Spells: 8/8 levels left

rFire   . . .        Y - +3 shortbow
rCold   . . .        (shield currently unavailable)
rNeg    + . .        d - +0 ring mail
rPois   inf          (no helmet)
rElec   +            (no cloak)
rCorr   .            i - +1 pair of gloves {Str+3}
SInv    .            (no boots)
Will    .....        q - amulet of faith
Stlth   +++          j - +5 ring of evasion
HPRegen 0.29/turn    l - +4 ring of slaying {mikee}
MPRegen 0.13/turn

%: faith
@: about to teleport, heroic
A: sickness immunity, AC +6, negative energy resistance 1, electricity
resistance, torment resistance 1, petrification resistance
a: Renounce Religion, Heroism


You were on level 7 of the Dungeon.
You worshipped Okawaru.
Okawaru was pleased with you.
You visited 2 branches of the dungeon, and saw 8 of its levels.

You collected 226 gold pieces.


Innate Abilities, Weirdness & Mutations

You are immune to sickness and miasma.
Your stone body is resilient. (AC +6)
You are immune to poison.
You resist negative energy. (rN+)
You are resistant to electric shocks. (rElec)
You are resistant to unholy torment.
You are immune to petrification.


   Skills:
 + Level 6.1(11.1) Fighting
 - Level 10.0(15.0) Ranged Weapons
 - Level 2.2(7.2) Armour
 - Level 2.2(7.2) Dodging
 - Level 1.1(6.1) Stealth
 - Level 4.0 Invocations


You had 8 spell levels left.
You didn't know any spells.
Your spell library was empty.

Inventory:

Hand Weapons
 Y - a +3 shortbow (weapon)
Armour
 d - a +0 ring mail (worn)
 i - a +1 pair of gloves of strength (worn)
Jewellery
 b - an amulet of the acrobat
 c - a ring of fire
 j - a +5 ring of evasion (left hand)
 l - a +4 ring of slaying (right hand) {mikee}
 q - an amulet of faith (around neck)
Scrolls
 f - 2 scrolls of identify
 n - a scroll of teleportation
Potions
 a - a potion of cancellation
 e - a potion of resistance {unknown}
 h - a potion of brilliance {unknown}
 k - a potion of mutation {unknown}
 m - 2 potions of haste
 o - a potion of curing
 p - a potion of degeneration {unknown}

Dungeon Overview and Level Annotations

Branches:
Dungeon (7/15)             Temple (1/1) D:5

Altars:
Ashenzari
Cheibriados
Dithmenos
Elyvilon
Fedhas
Gozag
Kikubaaqudgha
Makhleb
Nemelex Xobeh
Okawaru
Qazlal
Sif Muna
Trog
Uskayaw
Vehumet
Yredelemnul
The Shining One

Annotations:
D:2 1 runed translucent door, Crazy Yiuf
D:5 2 transporters
D:7 Joseph


Message History

Enter note:
Enter note:
Enter note:
Enter note:
Enter note:
Found 4 boomerangs.
The bullfrog croaks.
You shoot an arrow. The arrow hits the bullfrog.
The bullfrog is moderately wounded.
You shoot an arrow. The arrow hits the bullfrog.
The bullfrog is heavily wounded.
The bullfrog hits you.
You shoot an arrow. The arrow hits the bullfrog!
You kill the bullfrog!
Okawaru accepts your kill.
Your Ranged Weapons skill increases to level 10!
You start resting.
HP restored.
You shoot an arrow.
Joseph shouts!
The arrow hits Joseph.
Joseph is lightly wounded.
Joseph zaps a wand.
The mass of ice explodes!
The iceblast engulfs you!!
4964 ||| INVOKING Heroism.
You gain the combat prowess of a mighty hero.
You hear the quick creaking of a very distant portcullis.
Joseph shoots a sling bullet.
The sling bullet misses you.
You shoot an arrow. The arrow barely misses Joseph.
Joseph shoots a sling bullet.
The sling bullet hits you.
You shoot an arrow. The arrow hits Joseph.
Joseph is lightly wounded.
Joseph zaps a wand.
The mass of ice explodes!
The iceblast engulfs you!
You shoot an arrow. The arrow hits Joseph!
Joseph is moderately wounded.
Joseph shoots a sling bullet.
The sling bullet hits you!!
4968 ||| READING 2 scrolls of teleportation.
As you read the scroll of teleportation, it crumbles to dust.
You feel strangely unstable.
Joseph shoots a sling bullet.
The sling bullet hits you!
You die...

##............#
#..........### #.........##
..# #....(..### ##..# ..
#.......## #...# ##..
#.........# #...# #...
..........# #..# ##..#
..........#####..# #..##
...........@.....# ##..#.
.................### ##..#..
.....@...####......###......
.......## ##........#......
......# #................
.....# #................
#... #................ ##.
#.......)........
##.....).........


You could see Joseph.

Vanquished Creatures
  A water moccasin (D:7)
  A sky beast (D:7)
  2 ice beasts (D:6)
  2 ogres (D:6)
  A centaur (D:6)
  2 kobold brigands
  6 bullfrogs
  2 scorpions
  5 hounds
  4 orc priests (D:5)
  An iguana (D:5)
  2 sleepcaps
  An orc wizard (D:5)
  9 gnolls
  7 adders
  A shadow imp (D:6)
  4 white imps
  An ufetubus (D:5)
  4 dart slugs
  15 orcs
  An endoplasm (D:4)
  2 giant cockroaches
  11 goblins
  4 hobgoblins
  10 jackals
  3 quokkas
  9 ball pythons
  3 bats
  4 frilled lizards
  13 kobolds
  6 rats
137 creatures vanquished.

Vanquished Creatures (others)
  A wizard (D:4)
1 creature vanquished.

Grand Total: 138 creatures vanquished

Notes
Turn   | Place    | Note
-------+----------+-------------------------------------------
     0 | D:1      | qw the Gargoyle Hunter began the quest for the Orb.
     0 | D:1      | Reached XP level 1. HP: 12/12 MP: 1/1
     0 | D:1      | 0 ||| qw: Version: 0.3-a-76-g4403597
     0 | D:1      | 0 ||| qw: Game counter: 172
     0 | D:1      | 0 ||| qw: Melee chars always use a shield: true
     0 | D:1      | 0 ||| qw: God list: Okawaru
     0 | D:1      | 0 ||| qw: Allow faded altars: false
     0 | D:1      | 0 ||| qw: Do Orc after clearing Dungeon:15 true
     0 | D:1      | 0 ||| qw: Do second Lair branch before Depths: true
     0 | D:1      | 0 ||| qw: Lair rune preference: random
     0 | D:1      | 0 ||| qw: Goals: Normal
     0 | D:1      | 0 ||| PLANNING D:1-11
    97 | D:1      | Reached XP level 2. HP: 17/17 MP: 2/2
   505 | D:1      | Reached XP level 3. HP: 21/21 MP: 3/3
   687 | D:1      | 687 ||| UPGRADING to +5 ring of evasion.
   688 | D:1      | 688 ||| READING scroll labelled KOEFRA DUITT.
   689 | D:1      | 689 ||| READING scroll labelled QIFRIG WIANIUS.
   690 | D:1      | 690 ||| READING scroll labelled DIPRUZOFACH.
   694 | D:1      | 694 ||| READING scroll labelled OPA UWOYCIPN.
   695 | D:1      | 695 ||| DROPPING scroll of butterflies.
   735 | D:2      | Reached skill level 5 in Ranged Weapons
  1029 | D:2      | Reached skill level 3 in Fighting
  1119 | D:2      | Reached XP level 4. HP: 28/28 MP: 4/4
  1135 | D:2      | Found a runed translucent door.
  1136 | D:2      | Noticed Crazy Yiuf
  1503 | D:2      | 1503 ||| UPGRADING to +0 ring mail.
  1513 | D:2      | 1513 ||| DROPPING +0 leather armour.
  1514 | D:2      | 1514 ||| UPGRADING to amulet of the acrobat.
  1519 | D:2      | 1519 ||| DRINKING 2 murky green potions.
  1562 | D:2      | 1562 ||| DROPPING potion of lignification.
  1656 | D:3      | Reached skill level 1 in Armour
  1668 | D:3      | 1668 ||| Stepping ~*~*~tactically~*~*~ (outnumbered).
  1677 | D:3      | 1677 ||| Stepping ~*~*~tactically~*~*~ (outnumbered).
  1877 | D:3      | 1877 ||| READING scroll of enchant weapon.
  1877 | D:3      | 1877 ||| ENCHANTING +1 shortbow.
  2161 | D:3      | 2161 ||| READING 2 scrolls labelled NUKKA FIETUTA.
  2221 | D:4      | 2221 ||| RETREATING.
  2226 | D:4      | Reached XP level 5. HP: 32/32 MP: 5/5
  2265 | D:4      | Reached skill level 6 in Ranged Weapons
  2374 | D:4      | Found an opulent altar of Gozag.
  2378 | D:4      | Found a blossoming altar of Fedhas.
  2378 | D:4      | Found a shimmering blue altar of Sif Muna.
  2380 | D:4      | Found a basalt altar of Yredelemnul.
  2604 | D:4      | 2604 ||| READING 2 scrolls labelled XAR GEIFAJ.
  2605 | D:4      | 2605 ||| READING scroll labelled AXYAXA SU COA.
  2606 | D:4      | 2606 ||| DRINKING 3 ruby potions.
  2610 | D:4      | 2610 ||| DROPPING scroll of immolation.
  2611 | D:4      | 2611 ||| DROPPING 2 potions of ambrosia.
  2615 | D:4      | Found a shadowy altar of Dithmenos.
  2651 | D:4      | Reached XP level 6. HP: 24/38 MP: 6/6
  2774 | D:4      | Found a snail-covered altar of Cheibriados.
  2897 | D:4      | Found a bloodstained altar of Trog.
  2901 | D:4      | Noticed a wizard
  2907 | D:4      | Killed a wizard
  3054 | D:4      | 3054 ||| UPGRADING to +1 pair of gloves of strength.
  3059 | D:4      | 3059 ||| UPGRADING to +4 ring of slaying {mikee}.
  3060 | D:4      | 3060 ||| DRINKING 2 metallic sapphire potions.
  3061 | D:4      | 3061 ||| DROPPING potion of magic.
  3088 | D:5      | Entered Level 5 of the Dungeon
  3109 | D:5      | Found a transporter.
  3110 | D:5      | Found a transporter.
  3110 | D:5      | Noticed a wyvern
  3140 | D:5      | 3140 ||| Stepping ~*~*~tactically~*~*~ (outnumbered).
  3142 | D:5      | 3142 ||| Stepping ~*~*~tactically~*~*~ (outnumbered).
  3217 | D:5      | Found a radiant altar of Vehumet.
  3228 | D:5      | 3228 ||| RETREATING.
  3233 | D:5      | Reached skill level 7 in Ranged Weapons
  3264 | D:5      | 3264 ||| FLEEEEING.
  3265 | D:5      | 3265 ||| FLEEEEING.
  3266 | D:5      | 3266 ||| FLEEEEING.
  3267 | D:5      | 3267 ||| FLEEEEING.
  3268 | D:5      | 3268 ||| FLEEEEING.
  3269 | D:5      | 3269 ||| FLEEEEING.
  3270 | D:5      | 3270 ||| FLEEEEING.
  3271 | D:5      | 3271 ||| FLEEEEING.
  3272 | D:5      | 3272 ||| STAIRDANCE
  3312 | D:4      | 3312 ||| DRINKING 2 lumpy brown potions.
  3313 | D:4      | 3313 ||| DRINKING 2 fizzy inky potions.
  3343 | D:5      | Found a staircase to the Ecumenical Temple.
  3344 | D:5      | 3344 ||| PLANNING TEMPLE
  3354 | D:5      | 3354 ||| FLEEEEING.
  3355 | D:5      | 3355 ||| FLEEEEING.
  3374 | D:5      | Reached XP level 7. HP: 43/43 MP: 7/7
  3382 | Temple   | Entered the Ecumenical Temple
  3383 | Temple   | 3383 ||| PLANNING OKAWARU WORSHIP
  3415 | Temple   | Became a worshipper of Warmaster Okawaru
  3416 | Temple   | 3416 ||| PLANNING D:1-11
  3603 | D:5      | 3603 ||| Stepping ~*~*~tactically~*~*~ (outnumbered).
  3762 | D:5      | 3762 ||| DROPPING amulet of magic regeneration.
  3812 | D:6      | Reached skill level 8 in Ranged Weapons
  3968 | D:6      | 3968 ||| Stepping ~*~*~tactically~*~*~ (outnumbered).
  3988 | D:6      | Reached * piety under Okawaru
  3989 | D:6      | Reached XP level 8. HP: 50/50 MP: 8/8
  4071 | D:6      | Reached skill level 1 in Invocations
  4153 | D:6      | 4153 ||| INVOKING Heroism.
  4166 | D:6      | 4166 ||| INVOKING Heroism.
  4168 | D:6      | Reached skill level 3 in Invocations
  4428 | D:6      | Reached skill level 9 in Ranged Weapons
  4522 | D:6      | 4522 ||| UPGRADING to amulet of faith.
  4532 | D:6      | 4532 ||| READING scroll labelled LABLE JUOWUF.
  4533 | D:6      | 4533 ||| DRINKING 2 grey potions.
  4534 | D:6      | 4534 ||| READING 2 scrolls of identify.
  4534 | D:6      | 4534 ||| IDENTIFYING fizzy clear potion
  4578 | D:7      | Reached skill level 6 in Fighting
  4610 | D:7      | 4610 ||| READING scroll of enchant weapon.
  4610 | D:7      | 4610 ||| ENCHANTING +2 shortbow.
  4614 | D:7      | Reached ** piety under Okawaru
  4650 | D:7      | Identified the +0 kite shield of the Unseen Realm {-Tele
                  | rN++ Str+2}
  4685 | D:7      | Reached XP level 9. HP: 55/55 MP: 12/12
  4686 | D:7      | Noticed Joseph
  4688 | D:7      | 4688 ||| FLEEEEING.
  4696 | D:7      | 4696 ||| INVOKING Heroism.
  4704 | D:7      | 4704 ||| RETREATING.
  4704 | D:7      | HP: 12/55 [Joseph/sling bullet (12)]
  4705 | D:7      | 4705 ||| READING 3 scrolls of teleportation.
  4705 | D:7      | HP: 2/55 [Joseph/sling bullet (10)]
  4706 | D:7      | 4706 ||| DRINKING potion of heal wounds.
  4959 | D:7      | Reached skill level 10 in Ranged Weapons
  4964 | D:7      | 4964 ||| INVOKING Heroism.
  4967 | D:7      | HP: 6/55 [Joseph/sling bullet (18)]
  4968 | D:7      | 4968 ||| READING 2 scrolls of teleportation.
  4968 | D:7      | Shot with a sling bullet by Joseph

Levels and vault maps discovered:
D:1:      zelgadis_glass_arrival_small, layout_loops_cross
D:2:      layout_loops_ring, uniq_crazy_yiuf_cottage
D:3:      layout_basic, minmay_misc_feat_more_columns
D:4:      layout_cave_pods, trog_wizard, amcnicky_altar_gilded,
          mainiacjoe_overflow_tiny_flanked, minitemple
D:5:      layout_rooms, gammafunk_temple_overflow_arena,
          minmay_temple_entry_sparse_star
D:6:      layout_loops_ring, eino_curves_02, st_stairs_7, eino_tiny_chamber,
          minivault_19, kennysheep_boxes
D:7:      layout_layer_cave, enter_bailey_3, uniq_joseph, uniq_menkaure
Temple:   hellmonk_temple_beads

Skill      XL: |  1  2  3  4  5  6  7  8  9 |
---------------+----------------------------+-----
Ranged Weapons | 5 6 7 8 9 10 | 10.0
Fighting       | 3 4 5 6 |  6.1
Armour         | 1 2 |  2.2
Dodging        | 2 |  2.2
Invocations    | 4 |  4.0
Stealth        | |  1.1

Action                     |  1- 3 |  4- 6 |  7- 9 || total
---------------------------+-------+-------+-------++-------
   Fire: Shortbow          |    94 |   210 |   189 ||   493
 Invoke: Heroism           |       |       |     4 ||     4
    Use: Scroll            |     4 |     4 |     5 ||    13
         Potion            |       |     5 |     2 ||     7
 Armour: Leather armour    |    18 |       |       ||    18
         Ring mail         |       |    43 |    31 ||    74
  Dodge: Dodged            |    24 |   102 |    70 ||   196

Table legend:
 A = Non-vault XP
 B = Vault XP
 C = Vault XP percentage of total XP
 D = Non-vault monster count
 E = Vault monster count
 F = Vault count percentage of total count
                 A         B        C        D         E       F
            +---------+---------+-------+---------+---------+-------
      Total |    2598 |     166 |   6.0 |     131 |       6 |   4.4
            +---------+---------+-------+---------+---------+-------
        D:1 |      38 |       0 |   0.0 |      20 |       0 |   0.0
        D:2 |      45 |       0 |   0.0 |      13 |       0 |   0.0
        D:3 |      76 |       0 |   0.0 |      18 |       0 |   0.0
        D:4 |     165 |       0 |   0.0 |      21 |       0 |   0.0
        D:5 |     481 |       0 |   0.0 |      27 |       0 |   0.0
        D:6 |    1101 |     158 |  12.5 |      19 |       2 |   9.5
        D:7 |     692 |       8 |   1.1 |      13 |       4 |  23.5
            +---------+---------+-------+---------+---------+-------
